[Event "Late-Titled-Tuesday-Blitz-September-26-2023"]
[Site "Chess.com"]
[Date "2023.09.26"]
[Round "10"]
[White "SlipperySpeedster"]
[Black "cassoulet"]
[Result "1-0"]
[WhiteElo "2654"]
[BlackElo "2742"]
[TimeControl "180+1"]
[EndTime "15:50:55 PDT"]
[Termination "SlipperySpeedster won by checkmate"]

1. Nf3 Nf6 2. b3 g6 3. Bb2 Bg7 4. e3 O-O 5. Be2 d6 6. O-O e5 7. d4 e4 8. Nfd2 b6 9. c4 Bb7 10. d5 Re8 11. Qc2 Nbd7 12. Nc3 Qe7 13. a3 a6 14. b4 h5 15. Rae1 b5 16. cxb5 axb5 17. Bxb5 Rac8 18. Ncxe4 Nxe4 19. Nxe4 c6 20. dxc6 Bxb2 21.
cxd7 Be5 22. dxe8=Q+ Rxe8 23. f4 Bg7 24. Bxe8 Bxe4 25.
Qc8 Kh7 26. f5 Qg5 27. fxg6+ fxg6 28. Rf2 h4 29. Bc6 Bf5 30. Rxf5 gxf5 31. Rf1 Qxe3+ 32. Kh1 Be5 33. Qxf5+ Kh6 34. Qf8+ Kg5 35. Qg8+ Kh6 36. Be8 Qd3 37. Qf8+ Bg7 38. Rf6+ Kh7 39. Qf7 Kh8 40. Rf1 h3 41. Qf3 hxg2+ 42. Kxg2 Qc2+ 43. Kh1 Be5 44. Qh5+ Kg8 45. Rg1+ Kf8 46. Qf7# 1-0

[Event "Late-Titled-Tuesday-Blitz-September-26-2023"]
[Site "Chess.com"]
[Date "2023.09.26"]
[Round "10"]
[White "QuintilianoR"]
[Black "Bilan_Danila"]
[Result "1-0"]
[WhiteElo "2670"]
[BlackElo "2516"]
[TimeControl "180+1"]
[EndTime "15:50:55 PDT"]
[Termination "QuintilianoR won by resignation"]

1. e4 c6 2. d4 d5 3. exd5 cxd5 4.
Bd3 Nc6 5. c3 Qc7 6. Ne2 Bg4 7.
O-O Nf6 8. Qe1 Bh5 9. f4 e6 10. Ng3 Be7 11. Nxh5 Nxh5 12. g3 g6 13. Nd2 O-O 14.
Qe2 a6 15. Nf3 b5 16. Ne5 b4 17. Bd2 bxc3 18. bxc3 a5 19. Rae1 Ng7 20. g4 f5 21.
gxf5 gxf5 22. Kh1 Kh8 23. Rg1 Bh4 24. Ref1 Rg8 25. Rf3 Nxe5 26. fxe5 Qf7 27. Rh3 Be7 28. Qf3 Ne8 29. Rxg8+ Qxg8 30. c4 Nc7 31. cxd5 Nxd5 32.
Bc4 Rc8 33. Bxd5 exd5 34. Qxf5 Rf8 35. Qd3 Rf7 36. Rf3 Qf8 37. Rxf7 Qxf7 38. Qe2 Qf5 39. Be3 Qe4+ 40. Kg1 Bg5 41. Kf2 Qg4 42. Qxg4 1-0

[Event "Late-Titled-Tuesday-Blitz-September-26-2023"]
[Site "Chess.com"]
[Date "2023.09.26"]
[Round "10"]
[White "Jospem"]
[Black "dropstoneDP"]
[Result "0-1"]
[WhiteElo "3011"]
[BlackElo "3134"]
[TimeControl "180+1"]
[EndTime "15:50:56 PDT"]
[Termination "dropstoneDP won by resignation"]

1. e4 e5 2. Nf3 Nf6 3. Nc3 Nc6 4. h3 d5 5. exd5 Nxd5 6. Bb5 Nxc3 7. bxc3 Bd6 8. O-O O-O 9. d4 Bd7 10. Rb1 Re8 11.
Re1 exd4 12. Rxe8+ Qxe8 13. cxd4 a6 14. Bc4 b5 15.
Bd5 Be6 16. Bxe6 Qxe6 17. d5 Qd7 18. Bb2 Ne7 19. Qd4 f6 20. Rd1 Re8 21. c4 bxc4 22. Qxc4 Qb5 23. Qc2 Nxd5 24. Nd4 Qb4 25. Nf3 Nf4 26. Bd4 Ne2+ 27. Kf1 Qb5 28. Qd3 Nf4 29. Qxb5 axb5 30. Rb1 b4 31. Rc1 Ra8 32. Rc2 Kf7 33. h4 Ke7 34. g3 Ne6 35. Be3 c5 36. Nd2 Kd7 37. Nc4 Bc7 38. Nd2 Kc6 39. Ke2 Kb5 40.
Nc4 Be5 41. Kd3 Rd8+ 42. Ke4 Bc3 43. Nb2 Bxb2 44. Rxb2 c4 45. Bd2 Nc5+ 46. Kf5 g6+ 47. Kg4 Nd3 48. Rc2 c3 49. Bxc3 Rc8 50. Bxf6 0-1

[Event "Late-Titled-Tuesday-Blitz-September-26-2023"]
[Site "Chess.com"]
[Date "2023.09.26"]
[Round "10"]
[White "jcibarra"]
[Black "Harsha_Bharathakoti"]
[Result "1-0"]
[WhiteElo "2962"]
[BlackElo "2915"]
[TimeControl "180+1"]
[EndTime "15:51:02 PDT"]
[Termination "jcibarra won on time"]

1. e4 c5 2. Nf3 e6 3. d3 d5 4.
Qe2 Nf6 5. g3 g6 6. Bg2 Bg7 7.
O-O O-O 8. e5 Nfd7 9. c4 Nc6 10.
Bf4 b6 11. Nc3 Ba6 12. Rfe1 Re8 13. b3 Rc8 14. h4 Nd4 15. Nxd4 cxd4 16. Nb1 b5 17.
cxb5 Bxb5 18. a4 Bc6 19. b4 f6 20. exf6 Bxf6 21. b5 Ba8 22. Nd2 e5 23. Bh6 Rc3 24.
Nb1 Rc8 25. Qa2 Nc5 26. Rd1 Kh8 27. a5 e4 28. b6 axb6 29. axb6 Qxb6 30. dxe4 dxe4 31.
Nd2 Bc6 32. Nc4 Qd8 33. Qa7 Ne6 34. Qf7 Rc7 35. Nd6 Qxd6 36. Qxf6+ Kg8 37. Rac1 Rf7 38. Rxc6 Qxc6 39. Qe5 Qc2 40. Rc1 Qxf2+ 41. Kh1 e3 42. Bd5 Qf5 43. Qxe6 Rxe6 44. Rc8+ Rf8 45. Bxe6+ 1-0

[Event "Late-Titled-Tuesday-Blitz-September-26-2023"]
[Site "Chess.com"]
[Date "2023.09.26"]
[Round "10"]
[White "UK_23"]
[Black "Vadim_Biliy"]
[Result "1-0"]
[WhiteElo "2451"]
[BlackElo "2309"]
[TimeControl "180+1"]
[EndTime "15:51:03 PDT"]
[Termination "UK_23 won on time"]

1. e4 d6 2. d4 Nf6 3. Nc3 g6 4. Nf3 Bg7 5. Be2 O-O 6. O-O Nc6 7. Bg5 h6 8. Bh4 e5 9. dxe5 dxe5 10. Qxd8 Nxd8 11.
Nxe5 Nxe4 12. Nxe4 Bxe5 13. c3 g5 14. Bg3 Nc6 15. Bb5 Bxg3 16. hxg3 Bf5 17. Nc5 Nd8 18. Rfe1 b6 19. Na6 c6 20. Bc4 Ne6 21. Bxe6 fxe6 22. Nc7 Rad8 23. Nxe6 Bxe6 24. Rxe6 Rd2 25. f3 Kg7 26.
Rae1 c5 27. R1e2 Rxe2 28. Rxe2 Kf6 29. Rd2 Ke6 30. Kf2 h5 31. c4 h4 32. gxh4 gxh4 33. Rd5 Rh8 34. Ke3 Rg8 35. Kf2 Rh8 36. b3 Rh7 37. a4 Rh8 38. Ke3 Rg8 39. Rd2 Ke5 40. f4+ Kf5 41. Rd5+ Kg4 42. Ke4 Rg7 43. a5 Rg8 44. a6 Rg7 45. Re5 Rg8 46. Ke3 Rg7 47. Ke4 Rg8 48. Re7 Kg3 49. Rh7 Rg4 50. Ke5 Rxf4 51.
Kd6 1-0

[Event "Late-Titled-Tuesday-Blitz-September-26-2023"]
[Site "Chess.com"]
[Date "2023.09.26"]
[Round "10"]
[White "Alphafischer2019"]
[Black "DrCeltic"]
[Result "1-0"]
[WhiteElo "2598"]
[BlackElo "2454"]
[TimeControl "180+1"]
[EndTime "15:51:04 PDT"]
[Termination "Alphafischer2019 won by resignation"]

1. Nf3 d5 2. g3 Nf6 3. Bg2 Bf5 4. O-O e6 5. d3 h6 6. b3 Be7 7.
Bb2 O-O 8. Nbd2 a5 9. a4 Bh7 10. Qe1 c5 11. e4 Nc6 12. Qe2 Nb4 13. Rfc1 Qc7 14. Ne5 Rad8 15. f4 Nd7 16. Nxd7 Qxd7 17. Nf3 c4 18. Ne5 cxd3 19. cxd3 Qd6 20. Rd1 Qb6+ 21.
Kh1 Bf6 22. h4 Bxe5 23. Bxe5 d4 24. f5 exf5 25. exf5 Bxf5 26. Qf3 Bh7 27. Bf4 Rfe8 28. Rd2 Re7 29. Kh2 Rde8 30. Rc1 Qa6 31. Rc4 Qg6 32. Rxd4 Nc6 33. Rd6 Re6 34. Rxe6 Qxe6 35. d4 Qe1 36. d5 Be4 37. Qf2 Qxf2 38. Rxf2 Bxg2 39. Kxg2 Nb4 40. Rd2 Rd8 41. d6 f6 42. d7 Na6 43. Be3 Nb8 44. Rc2 Kf7 45. Rc8 Ke7 46. Bb6 Rxd7 47. Rxb8 Rd2+ 48. Kh3 g5 49. hxg5 fxg5 50.
Bxa5 Rd7 51. Bb4+ Kf6 52. a5 Kf5 53. Kg2 g4 54. Rf8+ Kg5 55. Rf4 h5 56. Bc3 Rd3 57. Rc4 Re3 58. Bd2 1-0

[Event "Late-Titled-Tuesday-Blitz-September-26-2023"]
[Site "Chess.com"]
[Date "2023.09.26"]
[Round "10"]
[White "ferdipy"]
[Black "Smiechu"]
[Result "1/2-1/2"]
[WhiteElo "2365"]
[BlackElo "2540"]
[TimeControl "180+1"]
[EndTime "15:51:04 PDT"]
[Termination "Game drawn - insufficient material"]

1. e4 c5 2. d4 cxd4 3. c3 d3 4. Bxd3 g6 5. c4 Bg7 6. Nc3 Nc6 7. Nf3 d6 8. h3 Nf6 9. O-O O-O 10. Qe2 Bd7 11. Be3 Rc8 12. Rac1 Qa5 13. b3 a6 14. Rfd1 Nb4 15. Bb1 b5 16. e5 dxe5 17. Nxe5 Be6 18. cxb5 Rxc3 19. Rxc3 Nfd5 20. Bd4 Nxc3 21. Bxc3 Qxb5 22.
Qxb5 axb5 23. Bxb4 Bxe5 24. Bxe7 Re8 25. Rd8 Rxd8 26.
Bxd8 Kf8 27. Bd3 b4 28. Ba5 Bd6 29. Kf1 Ke7 30. Ke2 Bd5 31. g3 Kd7 32. Bb5+ Ke6 33. Kd3 Ke5 34. Bb6 Be4+ 35. Kd2 Bb1 36. Bc4 f5 37.
Be3 Kf6 38. Bd4+ Be5 39. Bxe5+ Kxe5 40. Bd3 Bxa2 41. Kc2 Kd4 42. Bc4 Ke4 43. Be2 f4 44.
Kb2 fxg3 45. fxg3 Bxb3 46. Kxb3 Ke3 47. Bc4 Kf2 48. g4 Kg3 49. Bf1 Kf2 50. Bc4 Kg3 51.
Bg8 h6 52. Bh7 g5 53. Bf5 Kxh3 54. Kxb4 Kh4 55. Kc5 h5 56. gxh5 Kxh5 57. Kd4 g4 58. Bxg4+ 1/2-1/2

[Event "Late-Titled-Tuesday-Blitz-September-26-2023"]
[Site "Chess.com"]
[Date "2023.09.26"]
[Round "10"]
[White "arminmusovic"]
[Black "GothamChess"]
[Result "0-1"]
[WhiteElo "2513"]
[BlackElo "2701"]
[TimeControl "180+1"]
[EndTime "15:51:06 PDT"]
[Termination "GothamChess won by checkmate"]

1. a3 b6 2. Nc3 Bb7 3. e4 e6 4.
Nf3 Nf6 5. e5 Nd5 6. d4 c5 7.
dxc5 Nxc3 8. bxc3 Bxc5 9. Bd3 h6 10. O-O O-O 11. Qe2 d6 12. Rd1 Qc7 13. Bf4 d5 14.
Nd4 Re8 15. Qg4 Kf8 16. Nb5 Qe7 17. Nd6 Bxd6 18. exd6 Qf6 19. Bb5 Bc6 20. c4 Bxb5 21. cxb5 Nd7 22. Bg3 Rac8 23. Qa4 e5 24. Qxa7 Qxd6 25.
Qa4 d4 26. Qb3 Nc5 27. Qb4 g5 28. h4 f6 29. Qb1 Ne4 30. Qb3 Rc3 31. Qb4 Qxb4 32.
axb4 Rxc2 33. Ra6 Re6 34. Bh2 Nxf2 35. Rf1 Ng4 36. hxg5 hxg5 37. Bg3 Kf7 38. Ra7+ Kg6 39. Rb7 Ne3 40. Ra1 Rxg2+ 41. Kh1 Rxg3 42. Kh2 Rg2+ 43. Kh1 Rg4 44. Raa7 Kf5 45. Ra8 e4 46. Rab8 d3 47. Rd8 Nc4 48. Rbd7 d2 49. Rd5+ Re5 50. Rd4 e3 51.
Rd3 e2 52. Rf3+ Ke4 53. Rd4+ Kxf3 54. Kh2 Rxd4 55. Kh3 Rh4# 0-1

[Event "Late-Titled-Tuesday-Blitz-September-26-2023"]
[Site "Chess.com"]
[Date "2023.09.26"]
[Round "10"]
[White "Nor1lsk"]
[Black "Goryachkina"]
[Result "1-0"]
[WhiteElo "2763"]
[BlackElo "2673"]
[TimeControl "180+1"]
[EndTime "15:51:08 PDT"]
[Termination "Nor1lsk won on time"]

1. e4 c6 2. d4 d5 3. f3 e6 4. Be3 Qb6 5. Nd2 Qxb2 6. Bd3 Nf6 7. Ne2 Qb6 8. O-O Be7 9. c4 Na6 10. e5 Nd7 11. f4 Nb4 12. Bb1 dxc4 13. Nxc4 Qa6 14.
Nd2 Nd5 15. Bf2 N7b6 16. Ne4 Bd7 17. Nc5 Bxc5 18. dxc5 Nc4 19. Bd3 b5 20. Ng3 Nb2 21. Qd2 Nxd3 22. Qxd3 O-O 23. Ne4 Rad8 24. Ng5 f5 25.
exf6 Nxf6 26. Bd4 Bc8 27. Rad1 Qa4 28. Qe3 Qc4 29. Be5 h6 30. Rxd8 Rxd8 31. Bxf6 gxf6 32. Ne4 Qd4 33. Qxd4 Rxd4 34. Nxf6+ Kf7 35. Ng4 Rd5 36.
Rc1 h5 37. Ne5+ Kf6 38. Kf2 Bb7 39. Ke3 a5 40. g3 b4 41. h3 a4 42. g4 hxg4 43. hxg4 b3 44. axb3 axb3 45. Rb1 Rxc5 46. Nd7+ 1-0

[Event "Late-Titled-Tuesday-Blitz-September-26-2023"]
[Site "Chess.com"]
[Date "2023.09.26"]
[Round "10"]
[White "bylavochka"]
[Black "HajiyevKanan"]
[Result "1-0"]
[WhiteElo "2354"]
[BlackElo "2480"]
[TimeControl "180+1"]
[EndTime "15:51:09 PDT"]
[Termination "bylavochka won by checkmate"]

1. e4 c6 2. d4 d5 3. e5 a6 4. c4 Bf5 5. Nc3 e6 6. Nge2 h6 7. Ng3 Bh7 8. cxd5 cxd5 9. Bd3 Bxd3 10. Qxd3 Nc6 11. O-O Bb4 12. Be3 Nge7 13. f4 g6 14. f5 Nxf5 15. Nxf5 gxf5 16. Ne2 h5 17. Nf4 h4 18.
Rac1 Qe7 19. Rc2 Ba5 20. Rfc1 Nb4 21. Rc8+ Rxc8 22. Rxc8+ Kd7 23. Rxh8 Nxd3 24. Nxd3 Bb6 25. a3 a5 26. Nf4 Kc6 27. Rc8+ Kb5 28. Ne2 Bc7 29.
Nc3+ Kc6 30. a4 b6 31. Nb5 Kb7 32. Rxc7+ Qxc7 33. Nxc7 Kxc7 34. Bg5 h3 35. gxh3 Kd7 36. h4 Ke8 37. h5 Kf8 38. Bf6 Kg8 39. h6 Kh7 40.
Bg5 Kg6 41. Kf2 Kh7 42. Kg3 Kg6 43. Kf4 Kh7 44. Ke3 Kg6 45. Bf4 Kh7 46. Kd3 Kg6 47. Kc3 f6 48. exf6 Kxf6 49. h4 Kg6 50. Kd3 Kf6 51. Ke3 Kg6 52. Bg5 Kh7 53. Kf4 Kg6 54. Ke5 Kh7 55. Bf4 Kg6 56. Kxe6 Kh7 57. Kxf5 b5 58. axb5 Kg8 59. b6 a4 60. b7 Kh7 61.
b8=Q a3 62. Qb7+ Kg8 63. h7+ Kh8 64. Be5# 1-0

[Event "Late-Titled-Tuesday-Blitz-September-26-2023"]
[Site "Chess.com"]
[Date "2023.09.26"]
[Round "10"]
[White "HamedWafa4"]
[Black "whitemirrorninja"]
[Result "0-1"]
[WhiteElo "2635"]
[BlackElo "2512"]
[TimeControl "180+1"]
[EndTime "15:51:11 PDT"]
[Termination "whitemirrorninja won by resignation"]

1. e4 c5 2. Nf3 d6 3. Bb5+ Nd7 4. a4 e5 5. O-O Nf6 6. Nc3 Be7 7. d3 O-O 8. a5 Nb8 9. Bg5 Bg4 10. h3 Bxf3 11.
Qxf3 Nc6 12. a6 Nd4 13. Qd1 Rb8 14. axb7 Rxb7 15. b3 Nxb5 16. Nxb5 Rxb5 17. Rxa7 h6 18. Bd2 Re8 19. Qa1 Bf8 20. Qa4 Rb8 21. Ba5 Qc8 22. Rc7 Qa6 23. Ra1 Qb5 24. Qxb5 Rxb5 25. Bd2 Rbb8 26.
Raa7 Ra8 27. Rxf7 Rxa7 28. Rxa7 Be7 29. f4 exf4 30. Bxf4 Bf8 31. Ra6 d5 32. e5 Nh5 33.
Bh2 g5 34. Kf2 Nf4 35. Bxf4 gxf4 36. e6 Kg7 37. Kf3 Kf6 38. e7+ Kxe7 39. Kxf4 Bg7 40. Ra7+ Kf6 41. g4 Kg6 42. Ra6+ Bf6 43. h4 Kf7 44. Ra7+ Re7 45. Rxe7+ Bxe7 46. g5 hxg5+ 47.
hxg5 Ke6 48. c3 Bd6+ 49. Kg4 Be5 50. c4 d4 51. g6 Kf6 52. g7 Kxg7 53. Kf5 Bg3 54.
Ke6 Be1 55. Ke7 Bb4 56. Ke6 Kg6 57. Ke5 Kg5 58. Ke4 Kg4 59. Ke5 Kf3 0-1

[Event "Late-Titled-Tuesday-Blitz-September-26-2023"]
[Site "Chess.com"]
[Date "2023.09.26"]
[Round "10"]
[White "Herman-NY"]
[Black "ejalmedina"]
[Result "1-0"]
[WhiteElo "2500"]
[BlackElo "2336"]
[TimeControl "180+1"]
[EndTime "15:51:11 PDT"]
[Termination "Herman-NY won on time"]

1. e4 e5 2. Nf3 Nc6 3. Bb5 a6 4. Ba4 Nf6 5. O-O Be7 6. Re1 b5 7. Bb3 d6 8. c3 O-O 9. h3 Na5 10. Bc2 c5 11. d4 Qc7 12. d5 c4 13. b4 cxb3 14. axb3 Bd7 15. Be3 Rfc8 16. Bd3 h6 17. Re2 Nb7 18. Rea2 a5 19. b4 Qd8 20. Nfd2 axb4 21.
cxb4 Rxa2 22. Rxa2 Ra8 23. Ba7 g6 24. Be2 Qc7 25. Bb6 Qb8 26. Qb3 Nd8 27. Be3 Kg7 28. Ra5 Nb7 29. Ra3 Nd8 30. Nc3 Rxa3 31. Qxa3 Ne8 32.
Qa5 Nc7 33. Bb6 Na8 34. Ba7 Qc8 35. Qa3 Nc7 36. Be3 Bg5 37. Bxg5 hxg5 38. Nb3 f6 39. Na5 Nf7 40. Qb2 Ne8 41. Qd2 Qc7 42. Qe3 Kg8 43. Nxb5 Qb8 44. Qa7 Qxa7 45. Nxa7 Nc7 46.
b5 Na8 47. Nc4 Bc8 48. b6 Ba6 49. Na5 Bxe2 50. b7 1-0

[Event "Late-Titled-Tuesday-Blitz-September-26-2023"]
[Site "Chess.com"]
[Date "2023.09.26"]
[Round "10"]
[White "0gZPanda"]
[Black "IgorBjelobrk"]
[Result "1-0"]
[WhiteElo "3021"]
[BlackElo "2640"]
[TimeControl "180+1"]
[EndTime "15:51:12 PDT"]
[Termination "0gZPanda won on time"]

1. d4 e6 2. c4 b6 3. e4 Bb7 4. Nc3 Bb4 5. Qc2 Qh4 6. Bd3 Nf6 7. Nf3 Qg4 8. O-O Bxc3 9. h3 Qg6 10. Ne5 Bxd4 11. Nxg6 hxg6 12. Bf4 e5 13. Bd2 Nc6 14. Rae1 d6 15. b4 a5 16. a3 axb4 17. axb4 Ke7 18. Kh1 Ra3 19. Qb1 Rh5 20. Bc1 Ra4 21. b5 Nd8 22. Qc2 Ra8 23. Qd1 Ne6 24. Be2 Rh4 25. Bf3 Nc5 26. Bg5 Rhh8 27. Qc2 Ra3 28. Re2 Ne6 29.
Bc1 Rc3 30. Qa2 Ra8 31. Qb1 Rxc4 32. Rc2 Raa4 33. Rxc4 Rxc4 34. Bd2 Nc5 35. Bg5 Ne6 36. h4 Bc5 37. Qd3 Rd4 38. Qe3 Rxe4 39. Qc1 Nxg5 40. Qxg5 Ke6 41. Bxe4 Bxe4 42. f3 Bf5 43. g4 Bd3 44. Re1 Bxb5 45. f4 Bc6+ 46. Kh2 Ne4 47. f5+ Kd7 48. Qc1 Bf2 49. Rf1 Bxh4 50. fxg6 f6 51. Qc4 d5 52. Qb4 Nd6 53. Rc1 1-0

[Event "Late-Titled-Tuesday-Blitz-September-26-2023"]
[Site "Chess.com"]
[Date "2023.09.26"]
[Round "10"]
[White "mishanick"]
[Black "Zhigalko_Sergei"]
[Result "0-1"]
[WhiteElo "3088"]
[BlackElo "2941"]
[TimeControl "180+1"]
[EndTime "15:51:13 PDT"]
[Termination "Zhigalko_Sergei won on time"]

1. d4 Nf6 2. c4 e6 3. Nc3 Bb4 4. e3 O-O 5. Bd3 d6 6. Ne2 e5 7. O-O c6 8. a3 Ba5 9. b4 Bc7 10. d5 cxd5 11. cxd5 Nbd7 12. Ng3 Re8 13. Kh1 Nf8 14. Bb2 Ng6 15. Rc1 Bd7 16. Nce4 Rc8 17. Nxf6+ Qxf6 18. Qh5 Bd8 19. Ne4 Qe7 20. Rxc8 Bxc8 21.
f4 f5 22. Ng5 Nf8 23. fxe5 g6 24. Qd1 Qxg5 25. e6 Bf6 26. Bxf6 Qxf6 27. e4 f4 28. g3 g5 29. gxf4 gxf4 30. Bb5 Re7 31. Qc1 Bxe6 32. Rxf4 Qh6 33. dxe6 Ng6 34. Qc8+ Kg7 35.
Rf1 Qe3 36. Qc4 a6 37. Bd7 b5 38. Qd5 Qe2 39. Qf5 Kh6 40. Qf6 Qxe4+ 41. Kg1 Qe3+ 42.
Kg2 Qe4+ 43. Kg3 Qe5+ 44. Kg4 Qxf6 45. Rxf6 Kg7 46. Kg5 h6+ 47. Kf5 Ne5 0-1

[Event "Late-Titled-Tuesday-Blitz-September-26-2023"]
[Site "Chess.com"]
[Date "2023.09.26"]
[Round "10"]
[White "MagnusCarlsen"]
[Black "Njal28"]
[Result "1/2-1/2"]
[WhiteElo "3276"]
[BlackElo "3108"]
[TimeControl "180+1"]
[EndTime "15:51:14 PDT"]
[Termination "Game drawn by repetition"]

1. e4 c5 2. Nf3 Nc6 3. b4 Nxb4 4. c3 Nc6 5. d4 cxd4 6. cxd4 g6 7.
Bc4 Bg7 8. O-O d6 9. Qb3 Na5 10.
Bb5+ Bd7 11. Bxd7+ Qxd7 12. Qa3 Nc4 13. Qb4 Rc8 14. Nc3 Nf6 15. Rb1 b6 16. Rd1 O-O 17. e5 Ne8 18. Bg5 f6 19. Bh4 fxe5 20. Nd5 Nf6 21. Bxf6 Bxf6 22. dxe5 Nxe5 23. Nxf6+ exf6 24. Nxe5 fxe5 25. Rxd6 Qf7 26. Qb2 Rc5 27. Rbd1 Ra5 28.
R1d2 Qc4 29. h3 Rc5 30. Kh2 Qf4+ 31. g3 Qf3 32. R6d3 Qf6 33. Rd7 Rf7 34. Qb3 Kg7 35.
Qa4 Rc7 36. R7d5 Qe6 37. Qe4 Rce7 38. h4 Qf5 39. Qb4 Qf6 40. Kg1 e4 41. Rd6 Qe5 42. R6d5 Qa1+ 43. Rd1 Qf6 44. Qd2 e3 45. fxe3 Qf3 46.
Kh2 Qxe3 47. Qb2+ Rf6 48. R5d2 Qe5 49. Qb3 Qe6 50. Qc3 Qe5 51. Qb3 Qf5 52. Qc3 Qe5 53. Qb3 1/2-1/2

[Event "Late-Titled-Tuesday-Blitz-September-26-2023"]
[Site "Chess.com"]
[Date "2023.09.26"]
[Round "10"]
[White "AsaHoffmann"]
[Black "filipluczak05"]
[Result "0-1"]
[WhiteElo "2401"]
[BlackElo "2614"]
[TimeControl "180+1"]
[EndTime "15:51:18 PDT"]
[Termination "filipluczak05 won on time"]

1. d4 g6 2. e4 Bg7 3. Be3 c5 4. c3 cxd4 5. cxd4 d5 6. e5 Nc6 7.
Nc3 Nh6 8. Nf3 Ng4 9. Bf4 O-O 10. h3 Nh6 11. g4 f6 12. Bg2 Nf7 13. exf6 exf6 14.
O-O Re8 15. Qb3 Be6 16. Rfe1 Na5 17. Qc2 Nc4 18. b3 Nb6 19. Qd3 f5 20. g5 Nd6 21.
Ne5 Ne4 22. Nxe4 dxe4 23. Qd2 Nd5 24. Red1 Rc8 25. Rac1 Qb6 26. Nc4 Qa6 27. Be5 Bf8 28.
a3 b5 29. Qa5 Qxa5 30. Nxa5 Bxa3 31. Rxc8 Rxc8 32. Bf1 Rc1 33. Rxc1 Bxc1 34. Bxb5 Bxg5 35. Nc6 f4 36. Nxa7 e3 37. fxe3 fxe3 38. Nc6 Bh4 39. Kf1 Nc3 40. Bd3 Bxh3+ 41. Kg1 e2 42. Bxe2 Nxe2+ 43. Kh2 Be6 44. b4 Nc3 45. Na7 Nd5 46.
b5 Bd8 47. Nc6 Bb6 48. Kg3 h6 49. Kf3 Kf7 50. Ke4 g5 51. Bg3 h5 52. Ne5+ Kg7 53. Nf3 h4 54. Bxh4 gxh4 55. Nxh4 Kf6 56. Nf3 Nc3+ 57. Kd3 Nxb5 58. Ne5 Bxd4 59. Nc6 Bb6 60. Nb4 Nd6 61. Nc2 Ke5 62. Ne3 Bg8 63. Ng4+ Kd5 64.
Ne3+ Kc5 65. Ng4 Bh7+ 66. Ke3 Kc4+ 67. Kf4 Kd4 68. Nf6 Bb1 69. Nd7 Bc7 70. Kg4 Bf5+ 71. Kg5 Bxd7 0-1

[Event "Late-Titled-Tuesday-Blitz-September-26-2023"]
[Site "Chess.com"]
[Date "2023.09.26"]
[Round "10"]
[White "KorolDimitriy75"]
[Black "Yushko_Olga"]
[Result "1-0"]
[WhiteElo "2368"]
[BlackElo "2062"]
[TimeControl "180+1"]
[EndTime "15:51:20 PDT"]
[Termination "KorolDimitriy75 won on time"]

1. d4 e6 2. c4 f5 3. Nf3 Nf6 4. g3 d6 5. Bg2 Be7 6. O-O O-O 7. b3 Qe8 8. Bb2 Nc6 9. Nbd2 Ne4 10. d5 Nd8 11. Nxe4 fxe4 12. Nd4 exd5 13. cxd5 Bf6 14.
e3 Bd7 15. Rc1 Rc8 16. Qc2 Bxd4 17. Bxd4 Bf5 18. Qb2 Qg6 19. Rc4 a6 20. Rfc1 c6 21.
dxc6 bxc6 22. Bb6 c5 23. Qd2 Nc6 24. Qd5+ Kh8 25. Bxe4 Bxe4 26. Qxe4 Qf6 27. Qg2 Ne5 28. Rf4 Qe7 29. Rd1 g5 30. Rxf8+ Rxf8 31. Ba5 Nf3+ 32.
Kh1 Kg8 33. Bc3 Rd8 34. Qf1 d5 35. Qd3 Rf8 36. Kg2 g4 37. Qxd5+ Qf7 38. Qxf7+ Rxf7 39.
Rd8+ Rf8 40. Rd7 Rf7 41. Rd5 Kf8 42. Rxc5 Rd7 43. Rc4 1-0

[Event "Late-Titled-Tuesday-Blitz-September-26-2023"]
[Site "Chess.com"]
[Date "2023.09.26"]
[Round "10"]
[White "moro182"]
[Black "Polish_fighter3000"]
[Result "0-1"]
[WhiteElo "2903"]
[BlackElo "3085"]
[TimeControl "180+1"]
[EndTime "15:51:22 PDT"]
[Termination "Polish_fighter3000 won on time"]

1. c4 e5 2. g3 c6 3. Nf3 e4 4. Nd4 Nf6 5. Bg2 Qb6 6. Nc2 d5 7. d3 Bc5 8. O-O exd3 9. exd3 dxc4 10. dxc4 Be6 11. Nc3 Be7 12. b3 Nbd7 13. Be3 Qa5 14. Qd2 Qh5 15. h4 O-O 16. Nd4 Nc5 17. b4 Bxc4 18.
bxc5 Bxf1 19. Rxf1 Bxc5 20. Na4 Bb6 21. Nxb6 axb6 22.
Bg5 Qg6 23. Qb2 b5 24. Nb3 h6 25. Be3 Rfd8 26. Nc5 Nd5 27. Bd4 b6 28. Nb3 c5 29.
Be5 Rac8 30. Qe2 b4 31. h5 Qe6 32. Re1 Re8 33. Qd1 Rcd8 34. Qa1 f6 35. Bc3 Qf7 36. Rxe8+ Rxe8 37. Bd2 c4 38. Nd4 c3 39. Be1 Qxh5 40. Qb1 Qe5 41. Nf3 Qe4 42. Qb3 Kh8 43. Kh2 b5 44.
Nh4 Qc4 45. Bxd5 Qxb3 46. Bxb3 g5 47. Ng6+ Kg7 48. Ne5 Rxe5 0-1

[Event "Late-Titled-Tuesday-Blitz-September-26-2023"]
[Site "Chess.com"]
[Date "2023.09.26"]
[Round "10"]
[White "lefonghua"]
[Black "GaiozNigalidze"]
[Result "0-1"]
[WhiteElo "2634"]
[BlackElo "2735"]
[TimeControl "180+1"]
[EndTime "15:51:22 PDT"]
[Termination "GaiozNigalidze won by resignation"]

1. d4 g6 2. c4 Bg7 3. e4 d6 4. f4 Nc6 5. d5 Nd4 6. Nc3 c5 7. Nf3 Bg4 8. Be3 Bxf3 9. gxf3 Qb6 10. Rb1 Nf6 11. Bd3 Nh5 12. Kf2 a5 13. Qa4+ Kf8 14. f5 Bf6 15. h4 Rd8 16. Ne2 Nxe2 17. Bxe2 Bd4 18. Qb5 Qxb5 19. cxb5 Bxe3+ 20. Kxe3 gxf5 21. Rhg1 f4+ 22. Kf2 Ng3 23. b6 Kg7 24. Bb5 Kf6 25. Rbc1 Rhg8 26. Rc3 Ke5 27. Ra3 Ra8 28. Ra4 h6 29. a3 e6 30. Rd1 Nh5 31. b4 axb4 32. axb4 Rxa4 33. Bxa4 Ra8 34. Bc6 cxb4 35. Rb1 Rb8 36.
Rxb4 Nf6 37. Rb5 Kd4 38. Rb4+ Kc5 39. Rb5+ Kc4 40. Rb1 exd5 41. Rc1+ Kd4 42. exd5 Ke5 43. Re1+ Kd4 44. Rd1+ Kc4 45. Rc1+ Kb4 46. Rb1+ Kc5 47. Ba4 Nxd5 48. Rc1+ Kb4 49. Bd7 Nxb6 50. Rb1+ Ka5 51. Bf5 Nc4 52. Be4 b5 53. Bd5 Ne5 54. Ra1+ Kb6 55.
Rb1 Kc5 56. Rc1+ Kxd5 0-1

[Event "Late-Titled-Tuesday-Blitz-September-26-2023"]
[Site "Chess.com"]
[Date "2023.09.26"]
[Round "10"]
[White "IlanSchnaider"]
[Black "fyall777"]
[Result "1-0"]
[WhiteElo "2801"]
[BlackElo "2590"]
[TimeControl "180+1"]
[EndTime "15:51:23 PDT"]
[Termination "IlanSchnaider won by checkmate"]

1. e4 c5 2. Nf3 e6 3. d4 cxd4 4. Nxd4 a6 5. c4 Nf6 6. Nc3 d6 7. Be2 Nc6 8. O-O Bd7 9. Be3 Nxd4 10. Bxd4 Bc6 11. f3 Be7 12. Rc1 O-O 13. b3 Rc8 14.
Qd2 Qa5 15. Rfd1 Qh5 16. Bf2 Rfd8 17. Qe3 Qa5 18. h3 b5 19. Qd2 b4 20. Nb1 d5 21.
cxd5 exd5 22. e5 Nd7 23. Qf4 Qxa2 24. Nd2 Nf8 25. Bd3 Bb5 26. Ra1 Qb2 27. Bd4 Ne6 28.
Bxh7+ Kf8 29. Bxb2 Nxf4 30. Bf5 Rc6 31. Nf1 g6 32.
Bb1 Ne2+ 33. Kh2 Nc3 34. Re1 Bg5 35. Kg3 Ne2+ 36. Kf2 Bh4+ 37. g3 Nxg3 38. Nxg3 Rc2+ 39. Bxc2 d4 40. Be4 d3 41. Rad1 d2 42. Re3 Bg5 43. Re2 Bxe2 44. Kxe2 Bf4 45. Nf1 Re8 46. Nxd2 Bxe5 47. Bxe5 Rxe5 48. Nc4 a5 49. Nxe5 Ke7 50. Nc6+ Ke6 51. Nxa5 Ke5 52. Nc6+ Kf4 53. Nxb4 f5 54. Bxf5 gxf5 55. Rd5 Kg3 56. Rxf5 Kxh3 57.
Rg5 Kh4 58. Rg8 Kh5 59. Ke3 Kh6 60. Kf4 Kh7 61. Rg1 Kh6 62. Kf5 Kh7 63. Kf6 Kh6 64.
Rh1# 1-0

[Event "Late-Titled-Tuesday-Blitz-September-26-2023"]
[Site "Chess.com"]
[Date "2023.09.26"]
[Round "10"]
[White "AradNazari"]
[Black "GMBenjaminBok"]
[Result "1/2-1/2"]
[WhiteElo "2809"]
[BlackElo "2965"]
[TimeControl "180+1"]
[EndTime "15:51:24 PDT"]
[Termination "Game drawn - insufficient material"]

1. e4 c5 2. Nf3 d6 3. Bb5+ Nd7 4. d4 cxd4 5. Qxd4 a6 6. Bxd7+ Bxd7 7. c4 Nf6 8. Nc3 g6 9. e5 dxe5 10. Nxe5 Be6 11.
Qh4 Qa5 12. Nd3 Bg7 13. O-O Qh5 14. Qf4 O-O 15. h3 Rfd8 16. Ne5 Rac8 17. Be3 Ne8 18. Ng4 Rxc4 19. Qf3 Nd6 20. Rfd1 Rxg4 21. hxg4 Bxg4 22. Qd5 Bxd1 23. Rxd1 Bxc3 24. Qxh5 gxh5 25. bxc3 Rc8 26. Bg5 Kf8 27. Bh6+ Ke8 28. Bf4 Rxc3 29. Bxd6 exd6 30. Rxd6 Rc1+ 31. Kh2 Rc2 32. f3 Rxa2 33. Rb6 a5 34.
Rxb7 a4 35. Rb5 a3 36. Ra5 h4 37. Kh3 Kd7 38. Kxh4 Kc6 39. g4 Kb6 40. Ra8 Kb5 41. Kg5 Kb4 42. Rb8+ Kc3 43. Ra8 Kb3 44. Rb8+ Kc2 45.
Ra8 Ra1 46. f4 a2 47. Kf6 Kb3 48. Rb8+ Kc4 49. Ra8 Rf1 50. Rxa2 Rxf4+ 51. Kg5 Rd4 52. Ra4+ Kd5 53. Rxd4+ Kxd4 54. Kf6 Ke4 55. Kxf7 Kf4 56. Kg7 Kxg4 57. Kxh7 1/2-1/2